 Dungeon Crawl Stone Soup version 0.17-a0-1481-gfdcec5c (webtiles) character file.

1633 Fluffy the Envoy of Void (level 8, -3/64 HPs)
             Began as a Demonspawn Abyssal Knight on July 4, 2015.
             Was a High Priest of Lugonu.
             Killed from afar by an electric eel (13 damage)
             ... with a bolt of electricity
             ... on level 6 of the Dungeon.
             The game lasted 00:22:10 (6905 turns).

Fluffy the Envoy of Void (DsAK)                     Turns: 6905, Time: 00:22:10

Health: -3/64      AC: 19    Str: 14    XL:     8   Next: 66%
Magic:  12/12      EV: 10    Int: 15    God:    Lugonu [*****.]
Gold:   330        SH:  0    Dex: 12    Spells: 0 memorised, 7 levels left

rFire  . . .     SeeInvis .     a - +1 hand axe
rCold  . . .     Clarity  .     x - +2 pearl dragon armour
rNeg   + . .     SustAt   .     (no shield)
rPois  .         Gourm    .     (helmet restricted)
rElec  .         Spirit   .     (no cloak)
rCorr  +         Warding  .     (no gloves)
rMut   .         Stasis   .     d - +0 pair of boots
MR     .....                    s - amulet of regeneration
Stlth  ..........               (no ring)
                                e - ring of wizardry

@: not resistant to hostile enchantments, extremely unstealthy
A: horns 1, yellow scales 3, demonic guardian 1
a: Depart the Abyss, Bend Space, Banish, Corrupt, Enter the Abyss, Renounce
Religion


You were on level 6 of the Dungeon.
You worshipped Lugonu.
Lugonu was extremely pleased with you.
You were very hungry.

You visited 1 branch of the dungeon, and saw 6 of its levels.
You visited the Abyss 1 time.
You also visited: Ossuary.

You collected 330 gold pieces.

Inventory:

Hand weapons
 a - a +1 hand axe (weapon)
Missiles
 p - 3 javelins (quivered)
Armour
 d - a +0 pair of boots (worn)
 x - a +2 pearl dragon armour (worn)
Jewellery
 e - a ring of wizardry (left hand)
 s - an amulet of regeneration (around neck)
Magical devices
 v - a wand of flame (17)
Scrolls
 f - 2 scrolls of remove curse
 k - 2 scrolls of magic mapping
 n - 2 scrolls of identify
 q - a scroll of fog
 t - 4 scrolls of teleportation
 w - a scroll of amnesia
Potions
 b - a potion of cancellation
 g - 2 potions of brilliance
 i - 2 potions of curing
 j - a potion of heal wounds
 r - 3 potions of magic
Comestibles
 c - 3 bread rations
 l - 3 fruits
 m - a beef jerky


   Skills:
 + Level 5.9 Fighting
 + Level 4.8 Axes
 + Level 4.6 Armour
 + Level 4.6 Dodging
 + Level 6.3 Invocations


You had 7 spell levels left.
You didn't know any spells.

Dungeon Overview and Level Annotations

Branches:
Dungeon (6/15)
 Temple: D:4-7

Altars:
Ashenzari
Nemelex Xobeh
Qazlal
Vehumet

Shops:
D:4 [[[

Annotations:
D:4 exclusion: statue


Innate Abilities, Weirdness & Mutations

You have a pair of small horns on your head.
You are completely covered in yellow scales (AC +4, rCorr).
A weak demonic guardian rushes to your aid.


Message History

You barely miss the electric eel.
The electric eel is severely wounded.
The electric eel shoots out a bolt of lightning at you!
The bolt of electricity hits you!
* * * LOW HITPOINT WARNING * * *
Your pearl dragon armour prevents you from hitting the electric eel.
The electric eel is severely wounded.
You closely miss the electric eel.
The electric eel is severely wounded.
The electric eel shoots out a bolt of lightning at you!
The bolt of electricity hits you!
* * * LOW HITPOINT WARNING * * *
You miss the electric eel. You headbutt the electric eel.
The electric eel is severely wounded.
Your pearl dragon armour prevents you from hitting the electric eel.
Your headbutt misses the electric eel.
The electric eel is severely wounded.
The electric eel shoots out a bolt of lightning at you!
The bolt of electricity hits you!
You die...

.....#......# #.########.#
......#####.# ###########'##
..>...###**,* #≈≈≈≈≈≈≈≈≈≈.≈#
#........,,,**#≈..........≈#
#.###.###**,,,#≈..(.......≈#
#.# #.###**,**#≈..........≈#
#.###....,,,,,#≈..........≈#
..#.....,,,,,,#≈....≈)....≈#
....#*******,,#;@.........≈#
....# *,,#≈..........≈#
##)## *,,#≈..........≈# #.#
*,,#≈.....[....≈#
#.#########.)#≈.≈≈≈≈≈≈≈≈≈≈#
#....<.......##+###########
#######......,*,,,,,,,,*,* *
*,,,,,,.....,,,,,,,,*,*,* *
*,****,*###.*******,*,*,**


You could see an electric eel.

Vanquished Creatures
  A centaur (D:5)
  2 ogres
  Blork the orc (D:6)
  2 elf zombies (Ossuary)
  3 big kobolds (D:4)
  A scorpion (D:5)
  A crimson imp (D:5)
  A gnoll shaman (D:4)
  A centaur zombie (Ossuary)
  2 human zombies (Ossuary)
  A hound (D:5)
  An orc wizard (D:4)
  An iguana (D:6)
  3 worker ants (D:5)
  A big kobold zombie (Ossuary)
  2 mummies (Ossuary)
  6 gnolls (D:4)
  5 adders
  2 adder zombies
  2 worms (D:3)
  2 giant geckos
  9 orcs
  3 giant cockroaches
  A gnoll zombie (D:6)
  10 hobgoblins
  54 kobolds
  3 quokkas
  20 bats
  5 giant newts
  12 goblins
  6 hobgoblin zombies (Ossuary)
  10 jackals
  A jackal zombie (Ossuary)
  11 kobold zombies (Ossuary)
  9 orc zombies (Ossuary)
  12 rats
207 creatures vanquished.

Vanquished Creatures (collateral kills)
  Menkaure (D:5)
  An ice beast (D:5)
  An orc warrior (D:4)
  A big kobold (D:4)
  The ghost of ketsa the Chiller, an average VSIE (D:3)
  A giant frog skeleton (D:4)
  A worker ant (D:4)
  An orc (D:4)
  A bat zombie (D:5)
  A hobgoblin (D:5)
  A jackal zombie (Ossuary)
  A kobold (D:4)
  A kobold zombie (Ossuary)
13 creatures vanquished.

Vanquished Creatures (others)
  Sigmund (D:6)
1 creature vanquished.

Grand Total: 221 creatures vanquished

Notes
Turn   | Place    | Note
--------------------------------------------------------------
     0 | Abyss:1  | Fluffy the Demonspawn Abyssal Knight began the quest for the Orb.
     0 | Abyss:1  | Reached XP level 1. HP: 18/18 MP: 2/2
    13 | D:1      | Escaped the Abyss
    41 | D:1      | Reached skill level 1 in Dodging
   199 | D:1      | Gained mutation: A weak demonic guardian rushes to your aid. [demonic ancestry]
   199 | D:1      | Reached XP level 2. HP: 18/24 MP: 4/4
   216 | D:1      | Acquired Lugonu's second power
   988 | D:2      | Gained mutation: You are partially covered in yellow scales (AC +2). [demonic ancestry]
   988 | D:2      | Reached XP level 3. HP: 29/29 MP: 5/5
  1140 | D:2      | Found a sparkling altar of Nemelex Xobeh.
  1481 | D:3      | Noticed ketsa's ghost (average VSIE)
  1668 | D:3      | Killed ketsa's ghost
  1668 | D:3      | Reached XP level 4. HP: 9/35 MP: 6/6
  2624 | D:3      | Acquired Lugonu's third power
  2719 | D:3      | Found a shattered altar of Ashenzari.
  2719 | D:3      | Found a stormy altar of Qazlal.
  2822 | D:4      | Found Mimaz's Antique Armour Boutique.
  2858 | D:4      | Found Vij Ehem's Antique Armour Emporium.
  3154 | D:4      | Gained mutation: You have a pair of small horns on your head. [demonic ancestry]
  3154 | D:4      | Reached XP level 5. HP: 30/41 MP: 7/7
  3339 | D:4      | Reached skill level 4 in Invocations
  3661 | D:4      | Gained mutation: You are mostly covered in yellow scales (AC +3). [demonic ancestry]
  3661 | D:4      | Reached XP level 6. HP: 48/48 MP: 9/9
  3696 | D:4      | Found Xapeag's Armour Shoppe.
  3765 | D:4      | Noticed an ogre
  3771 | D:4      | Killed an ogre
  3968 | D:4      | Noticed an orc warrior
  4176 | D:4      | Killed an orc warrior
  4176 | D:4      | Acquired Lugonu's fourth power
  4596 | D:4      | Noticed a big kobold
  4607 | D:4      | Killed a big kobold
  4607 | D:4      | Gained mutation: You are completely covered in yellow scales (AC +4, rCorr). [demonic ancestry]
  4607 | D:4      | Reached XP level 7. HP: 49/55 MP: 10/10
  4614 | D:4      | Acquired Lugonu's fifth power
  4618 | D:4      | Noticed a big kobold
  4619 | D:4      | Noticed a big kobold
  4633 | D:4      | Killed a big kobold
  4638 | D:4      | Killed a big kobold
  4643 | D:4      | Noticed a big kobold
  4656 | D:4      | Killed a big kobold
  4656 | D:4      | Reached skill level 5 in Invocations
  4855 | D:4      | Found a radiant altar of Vehumet.
  4859 | D:4      | Noticed a charred statue
  5203 | D:5      | Entered Level 5 of the Dungeon
  5241 | D:5      | Noticed Menkaure
  5255 | D:5      | Killed Menkaure
  5255 | D:5      | Reached skill level 5 in Fighting
  5585 | D:5      | Found a radiant altar of Vehumet.
  6002 | D:5      | Reached XP level 8. HP: 56/62 MP: 12/12
  6464 | D:6      | Noticed Sigmund
  6465 | D:6      | Found a sand-covered staircase.
  6465 | D:6      | Noticed Blork the orc
  6496 | D:6      | Killed Sigmund
  6513 | D:6      | Killed Blork the orc
  6513 | D:6      | Reached skill level 6 in Invocations
  6566 | Ossuary  | Entered an ossuary
  6905 | D:6      | Killed from afar by an electric eel

Vault maps used:
D:1:      dpeg_arrival_simpleton_a, serial_curves, eino_curves_03,
          eino_curves_04, eino_curves_02, eino_curves_02
D:2:      nemelex_lonely_heart_becter
D:3:      gammafunk_temple_overflow_wave
D:4:      minmay_goblin_kobold_castle, vehumet_statue, serial_shops,
          nicolae_shop_statue_plus, nicolae_shop_behind_doors,
          nicolae_shop_temple_entry_statues_fountains, first_bread, hex_large
D:5:      vehumet_altar_wand_db, uniq_menkaure
D:6:      lemuel_crystal_altar, enter_ossuary_3, grunt_ministairs_14,
          kennysheep_small_spiral, nicolae_tso_carved_into_rock, uniq_sigmund,
          uniq_blork_the_orc
Ossuary:  ossuary_tomb_1

Action                   |  1- 3 |  4- 6 |  7- 9 || total
-------------------------+-------+-------+-------++-------
Melee: Hand axe          |   153 |   346 |   405 ||   904
       Unarmed           |       |       |    13 ||    13
Evoke: Wand              |       |       |     1 ||     1
  Use: Scroll            |     5 |     9 |     7 ||    21
       Potion            |       |       |     1 ||     1
 Stab: Distracted        |       |       |     1 ||     1
  Eat: Chunk             |     2 |    10 |     8 ||    20
       Fruit             |       |     1 |       ||     1
